 Dungeon Crawl Stone Soup version 0.17-a0-1533-g2f57bce (webtiles) character file.

7 ololoev the Grave Robber (level 1, 0/13 HPs)
             Began as a Vampire Necromancer on July 16, 2015.
             Slain by a jackal (1 damage)
             ... on level 1 of the Dungeon.
             The game lasted 00:00:52 (108 turns).

ololoev the Grave Robber (Vampire Necromancer)       Turns: 108, Time: 00:00:52

Health: 0/13       AC:  2    Str:  7    XL:     1   Next: 91%
Magic:  0/3        EV: 12    Int: 17    God:
Gold:   0          SH:  0    Dex: 14    Spells: 1 memorised, 3 levels left

rFire  . . .     SeeInvis +     d - +0 short sword
rCold  . . .     Clarity  .     a - +0 robe
rNeg   + . .     SustAt   .     (no shield)
rPois  .         Gourm    .     (no helmet)
rElec  .         Spirit   .     (no cloak)
rCorr  .         Warding  .     (no gloves)
rMut   .         Stasis   .     (no boots)
MR     .....                    (no amulet)
Stlth  ++........               (no ring)
                                (no ring)

@: not resistant to hostile enchantments, unstealthy
A: fangs 3, see invisible, unbreathing
a: no special abilities


Innate Abilities, Weirdness & Mutations

You have razor-sharp teeth.
You have supernaturally acute eyesight.
You can survive without breathing.

Inventory:

Hand weapons
 d - a +0 short sword (weapon)
Armour
 a - a +0 robe (worn)
Potions
 c - a potion of blood
Books
 b - a book of Necromancy

   Spells                             Type                      Level
   a - Pain                           Necromancy                   1
   b - Animate Skeleton               Necromancy                   1
   c - Vampiric Draining              Necromancy                   3
   d - Regeneration                   Charms/Necromancy            3
   e - Animate Dead                   Necromancy                   4
   f - Control Undead                 Necromancy                   4


   Skills:
 - Level 2.1 Dodging
 - Level 3.0 Stealth
 - Level 2.0 Spellcasting
 + Level 4.9 Necromancy


You had 3 spell levels left.
You knew the following spells:

 Your Spells              Type           Power        Failure   Level  Hunger
a - Pain                  Necr           ###.         2%          1    #......


You were on level 1 of the Dungeon.
You were not thirsty.

You visited 1 branch of the dungeon, and saw 1 of its levels.

##..## #...>#
#....#######
##...†.......
#.....# ##.#>.##
#.!....#
.....)##h########
..#.#. #@........
.#. # #..♣♣♣♣♣♣♣♣♣
.h.......♣..PP..PP♣
.
...#.#.♣...P..PP♣.#
# #...♣P...PP..♣.##
###.♣PP...P..♣..
..♣..P.<.PP♣..
..♣..PP...P♣.#
..♣PP..P...♣.# #

Notes
Turn   | Place    | Note
--------------------------------------------------------------
     0 | D:1      | ololoev the Vampire Necromancer began the quest for the Orb.
     0 | D:1      | Reached XP level 1. HP: 13/13 MP: 3/3
   108 | D:1      | Slain by a jackal

Dungeon Overview and Level Annotations

Branches:
Dungeon (1/15)

Altars:


Message History

A giant gecko and a hobgoblin come into view.
Found a stone staircase leading down.
The helpless giant gecko fails to defend itself.
You puncture the giant gecko!
You kill the giant gecko!
The hobgoblin shouts!
A kobold comes into view. It is wielding a short sword.
Casting: Pain
Confirm with . or Enter, or press ? or * to list all spells.
Aiming: Pain
Press: ? - help, Shift-Dir - straight line, f - kobold
Aim: a kobold, wielding a short sword (hasn't noticed you, chance to defeat MR: 87%)
The kobold shouts!
The kobold convulses in agony!
Casting: Pain
Confirm with . or Enter, or press ? or * to list all spells.
Aiming: Pain
Press: ? - help, Shift-Dir - straight line, f/p - kobold
Aim: a kobold, wielding a short sword (heavily wounded, chance to defeat MR: 87%)
The kobold convulses in agony!
You kill the kobold!
A jackal comes into view.
The jackal barks!
The jackal moves out of view.
A jackal comes into view.
You hit the hobgoblin.
The hobgoblin is severely wounded.
The hobgoblin hits you.
You hit the hobgoblin but do no damage.
The hobgoblin is severely wounded.
The hobgoblin closely misses you. The hobgoblin hits you.
You hit the hobgoblin but do no damage. Your bite misses the hobgoblin.
The hobgoblin is severely wounded.
The hobgoblin closely misses you.
You hit the hobgoblin.
You kill the hobgoblin!
You hit the jackal.
The jackal is severely wounded.
The jackal bites you. x2
You die...

You could see a jackal.

Vanquished Creatures
  A giant gecko (D:1)
  2 hobgoblins (D:1)
  A bat (D:1)
  2 kobolds (D:1)
6 creatures vanquished.

Action                   || total
-------------------------++-------
Melee: Unarmed           ||     7
       Short sword       ||     6
 Cast: Pain              ||     6
 Stab: Sleeping          ||     1

Vault maps used:
D:1:      scummos_arrival_checkerplants
